 Dungeon Crawl Stone Soup version 0.30-a0-777-ga9a30cbeda (webtiles) character file.

Game seed: 1438529654051159465

78 Lobster4 the Digger (level 4, 0/25 HPs)
             Began as a Gargoyle Earth Elementalist on Feb 14, 2023.
             Slain by Sigmund
             ... wielding a +1 scythe of pain
              (1 damage)
             ... on level 3 of the Dungeon.
             The game lasted 00:05:00 (2177 turns).

Lobster4 the Digger (Gargoyle Earth Elementalist)   Turns: 2177, Time: 00:05:00

Health: 0/25       AC:  5    Str: 10 (11) XL:     4   Next: 36%
Magic:  2/7        EV: 12    Int: 17 (18) God:
Gold:   136        SH:  0    Dex:  9 (10) Spells: 3/7 levels left

rFire   + . .      SeeInvis .    j - staff of fire
rCold   . . .      Faith    .    (no shield)
rNeg    + . .      Spirit   .    a - +0 robe
rPois   ∞          Reflect  .    (no helmet)
rElec   +          Harm     .    (no cloak)
rCorr   .          Rampage  .    (no gloves)
Will    +....                    (no boots)
Stlth   ++                       (no amulet)
HPRegen 0.24/turn                o - ring of willpower
MPRegen 0.10/turn                (no ring)

@: about to teleport, flying
A: sickness immunity, AC +3, negative energy resistance 1, electricity
resistance, torment resistance 1, petrification resistance
a: no special abilities


You were on level 3 of the Dungeon.
You visited 1 branch of the dungeon, and saw 3 of its levels.

You collected 136 gold pieces.

Inventory:

Hand Weapons
 c - a +0 dagger of draining
 l - a +0 mace
Missiles
 e - 6 silver javelins
Armour
 a - a +0 robe (worn)
Magical Staves
 j - a staff of fire (weapon)
Jewellery
 o - a ring of willpower (left hand)
Scrolls
 f - a scroll of brand weapon {unknown}
 g - 2 scrolls of immolation
 h - a scroll of enchant armour {unknown}
 i - 4 scrolls of teleportation
 n - a scroll of blinking {unknown}
 r - a scroll of poison {unknown}
Potions
 b - a potion of magic


   Skills:
 + Level 1.0 Fighting
 + Level 0.4 Maces & Flails
 + Level 0.4 Throwing
 + Level 1.2 Armour
 + Level 1.9 Dodging
 + Level 2.6 Stealth
 + Level 2.3 Spellcasting
 + Level 0.2 Conjurations
 - Level 1.0 Transmutations
 * Level 4.1 Earth Magic
 + Level 0.5 Evocations


You had 3 spell levels left.
You knew the following spells:

 Your Spells              Type           Power      Damage    Failure   Level
a - Sandblast             Erth           32%        2d9       3%          1
b - Stone Arrow           Conj/Erth      18%        3d8       22%         3

Your spell library contained the following spells:

 Spells                   Type           Power      Damage    Failure   Level
 Passwall                 Tmut/Erth      8%         N/A       10%         2
 Petrify                  Tmut/Erth      10%        N/A       54%         4


Dungeon Overview and Level Annotations

Branches:
Dungeon (3/15)

Altars:

Annotations:
D:2 1 runed translucent door, Crazy Yiuf
D:3 3 runed translucent doors, Ijyb; PLAYERX's ghost, weakling GnMo; Sigmund


Innate Abilities, Weirdness & Mutations

You are immune to sickness and miasma.
Your stone body is resilient. (AC +3)
You are immune to poison.
You resist negative energy. (rN+)
You are resistant to electric shocks. (rElec)
You are resistant to unholy torment.
You are immune to petrification.


Message History

The adder bites you but does no damage. Something hits you!
* * * LOW HITPOINT WARNING * * *
Ijyb screams, "You nasty!
Big nasty!"
The jackal bites you.
* * * LOW HITPOINT WARNING * * *
j - a staff of fire (weapon)
The adder barely misses you.
It was a potion of curing.
You feel better. Something hits you.
The jackal bites you but does no damage.
The adder barely misses you.
The jackal bites you but does no damage.
Something hits you but does no damage.
You writhe in agony.
The adder attacks as you move away! The adder barely misses you.
Ijyb's inner flame fades away.
The adder's inner flame fades away.
Casting: Sandblast (safe; 3% risk of failure)
Confirm with . or Enter, or press ? or * to list all spells.
Aiming: Sandblast (safe; 3% risk of failure)
Press: ? - help, Shift-Dir - straight line, f/p - Ijyb
Aim: Ijyb, wielding a +0 club, wearing a +0 chain mail and carrying a wand of flame (9) (moderately wounded, 82% to hit)
The blast of sand hits the adder.
The adder is heavily wounded.
The adder bites you.
* * * LOW HITPOINT WARNING * * *
Something hits you.
* * * LOW HITPOINT WARNING * * *
The jackal bites you but does no damage.
The adder barely misses you. Something hits you but does no damage.
The jackal bites you but does no damage.
The adder attacks as you move away! The adder bites you but does no damage.
Sigmund appears from thin air!
Reactivating autopickup.
The adder bites you but does no damage.
Things that are here:
a +0 hand axe; a +0 leather armour; an orc corpse
Okay, then.
As you read the scroll labelled LOIFAO PASO, it crumbles to dust.
You feel strangely unstable.
It was a scroll of teleportation.
The jackal barely misses you.
Sigmund hits you from afar with a +1 scythe of pain.
You die...

#....†.........
#...#########..
#...#.......#
#...#...($..#...
#...#.#...#.#..#
#...#W.#.#..#..#
##g@#K#...#.#..#
#hS#w......#..#
#.@#.......#..#
#..###+++###..#
#.............#
#.............#
######
#######......##
.....# ##...###
####.# #...# #.#
##.># #.# ##.#


You could see Sigmund (fast, inner flame), Ijyb, PLAYERX's ghost, an adder and a
jackal (inner flame).

Vanquished Creatures
  4 adders
  A dart slug (D:1)
  An orc (D:3)
  4 endoplasms
  A giant cockroach (D:1)
  3 hobgoblins
  A jackal (D:3)
  4 kobolds (D:1)
  A quokka (D:3)
  4 ball pythons
  7 bats
  3 frilled lizards
  4 goblins (D:1)
  3 rats
41 creatures vanquished.

Vanquished Creatures (others)
  2 fungi (D:2)
  A plant (D:2)
3 creatures vanquished.

Grand Total: 44 creatures vanquished

Notes
Turn   | Place    | Note
-------+----------+-------------------------------------------
     0 | D:1      | Lobster4 the Gargoyle Earth Elementalist began the quest
                  | for the Orb.
     0 | D:1      | Reached XP level 1. HP: 10/10 MP: 3/3
   138 | D:1      | Reached XP level 2. HP: 16/16 MP: 0/5
   594 | D:1      | Reached skill level 1 in Transmutations
   931 | D:1      | Reached XP level 3. HP: 20/20 MP: 3/6
  1084 | D:2      | Learned a level 3 spell: Stone Arrow
  1310 | D:2      | Found a runed translucent door.
  1311 | D:2      | Noticed Crazy Yiuf
  1452 | D:2      | Reached skill level 4 in Earth Magic
  1488 | D:2      | Found a faded altar of an unknown god.
  1944 | D:3      | Reached skill level 1 in Armour
  1985 | D:3      | Found a runed translucent gate.
  1985 | D:3      | Found a runed translucent gate.
  1985 | D:3      | Found a runed translucent gate.
  1989 | D:3      | Noticed PLAYERX's ghost (weakling GnMo)
  2066 | D:3      | Reached skill level 1 in Fighting
  2066 | D:3      | Reached XP level 4. HP: 25/25 MP: 5/7
  2141 | D:3      | Noticed Ijyb
  2147 | D:3      | Noticed Sigmund
  2175 | D:3      | HP: 1/25 [something (6)]
  2177 | D:3      | Slain by Sigmund

Illustrated notes

Levels and vault maps discovered:
D:1:      ncdulo_halloftheorcs, layout_loops_cross
D:2:      layout_rooms, shapermc_ecumenical_altar_mp_ritualfount,
          minmay_door_square, nicolae_concentric_dashed_squares_mild,
          kennysheep_donut, uniq_crazy_yiuf_cottage
D:3:      layout_basic, mainiacjoe_overflow_small_starburst, serial_shops, shop,
          gammafunk_ghost_split, uniq_sigmund, uniq_ijyb

Skill      XL: |  1  2  3 |
---------------+----------+-----
Transmutations | 1 |  1.0
Earth Magic    | 4 |  4.1
Armour         | 1 |  1.2
Fighting       | 1 |  1.0
Maces & Flails | |  0.4
Throwing       | |  0.4
Dodging        | |  1.9
Stealth        | |  2.6
Spellcasting   | |  2.3
Conjurations   | |  0.2
Evocations     | |  0.5

Action                     |  1- 3 |  4- 6 || total
---------------------------+-------+-------++-------
  Melee: Dagger            |     2 |       ||     2
   Cast: Sandblast         |    52 |    13 ||    65
    Use: Potion            |       |     4 ||     4
         Scroll            |       |     2 ||     2
   Stab: Sleeping          |     1 |       ||     1
 Armour: Robe              |     3 |    19 ||    22
  Dodge: Dodged            |    12 |    22 ||    34

Table legend: (Time is in decaauts)
 A = Elapsed time spent in this place.
 B = Non-inter-level travel time spent in this place.
 C = Inter-level travel time spent in this place.
 D = Time resting spent in this place.
 E = Time spent auto-exploring this place.
 F = Levels seen in this place.
 G = Mean time per level.
                   A        B        C        D        E       F      G
               +--------+--------+--------+--------+--------+-----+--------+
         Total |   2207 |   2116 |     91 |     84 |   1718 |   3 |  735.7 |
       Dungeon |   2207 |   2116 |     91 |     84 |   1718 |   3 |  735.7 |
               +--------+--------+--------+--------+--------+-----+--------+

Top non-repeatable levels by time:
     D:1: 1066 daAuts
     D:2: 749 daAuts
     D:3: 391 daAuts
